 Dungeon Crawl Stone Soup version 0.30.0-19-g36f170ea60 (webtiles) character file.

Game seed: 5947344723913913509

1486 olmar the Covered (level 8, -1/71 HPs)
             Began as an Armataur Fighter on May 29, 2023.
             Was an Initiate of Gozag.
             Killed by divine providence
             ... invoked by an orc priest
              (14 damage)
             ... on level 6 of the Dungeon.
             The game lasted 00:06:53 (5730 turns).

olmar the Covered (Armataur Fighter)                Turns: 5730, Time: 00:06:56

Health: -1/71      AC:  8    Str: 24    XL:     8   Next: 50%
Magic:  8/8        EV:  8    Int:  8    God:    Gozag
Gold:   246        SH:  4    Dex: 10    Spells: 7/7 levels left

rFire   . . .        a - +0 flail
rCold   . . .        c - +0 buckler
rNeg    . . .        b - +0 scale mail
rPois   .            (no helmet)
rElec   .            (no cloak)
rCorr   .            (no gloves)
SInv    .            (no barding)
Will    +....        (no amulet) Stlth
                     r - ring of willpower
HPRegen 0.31/turn    (no ring)
MPRegen 0.11/turn

%: roll
@: about to teleport, gold aura, studying Spellcasting
A: large, rugged brown scales 3, deformed body, armoured tail, roll, long
tongue, awkward tongue
a: Renounce Religion, Potion Petition, Call Merchant, Bribe Branch


You were on level 6 of the Dungeon.
You worshipped Gozag.
Gozag was aware of your devotion.
You visited 2 branches of the dungeon, and saw 7 of its levels.

You collected 341 gold pieces.
You paid 95 gold pieces to Gozag.

Inventory:

Hand Weapons
 a - a +0 flail (weapon)
 x - a +1 morningstar of protection
Armour
 b - a +0 scale mail (worn)
 c - a +0 buckler (worn)
Jewellery
 g - a ring of fire
 j - a ring of flight
 r - a ring of willpower (left hand)
 y - a ring of magical power
Wands
 n - a wand of quicksilver (5)
 s - a wand of digging (9)
 A - a wand of polymorph (10)
Scrolls
 e - 5 scrolls of teleportation
 l - a scroll of torment {unknown}
 m - a scroll of fog {unknown}
 o - a scroll of noise {unknown}
 q - 2 scrolls of blinking {unknown}
 t - a scroll of identify
 v - a scroll of immolation {unknown}
Potions
 d - a potion of might
 f - a potion of resistance {unknown}
 h - 3 potions of flight {unknown}
 i - 2 potions of invisibility {unknown}
 k - 2 potions of heal wounds {unknown}
 p - a potion of magic {unknown}
 w - a potion of berserk rage {unknown}
 z - a potion of mutation {unknown}


   Skills:
 + Level 4.8 Fighting
 + Level 6.0 Maces & Flails
 + Level 7.8 Armour
 - Level 1.9 Dodging
 - Level 0.5 Stealth
 + Level 4.8 Shields
 + Level 0.3 Evocations


You had 7 spell levels left.
You didn't know any spells.
Your spell library contained the following spells:

 Spells                   Type           Power      Damage    Failure   Level
 Sublimation of Blood     Necr           0%         N/A       86%         2
 Wereblood                Tmut           0%         N/A       86%         2
 Gell's Gravitas          Tloc           0%         N/A       98%         3
 Teleport Other           Tloc           0%         N/A       98%         3
 Dispersal                Tloc           0%         N/A       100%        6
 Summon Hydra             Summ           0%         N/A       100%        7


Dungeon Overview and Level Annotations

Branches:
Dungeon (6/15)             Temple (1/1) D:5

Altars:
Cheibriados
Dithmenos
Gozag
Hepliaklqana
Nemelex Xobeh
Okawaru
Qazlal
Ru
Wu Jian
Xom

Shops:
D:1 (


Innate Abilities, Weirdness & Mutations

You are completely covered in rugged brown scales. (AC +3, +7% HP)
Armour fits poorly on your strangely shaped body.
You have a long armoured tail.
You roll when moving toward enemies. (Rampage)
Your long tongue fully drains potion bottles. (2x potion effects)
Your tongue gives you trouble enunciating. (1.5x scroll delay)


Message History

The gnoll is severely wounded.
The javelin pierces through the gnoll but does no damage.
The javelin pierces through the orc priest.
The orc priest is heavily wounded.
The gnoll barely misses you. The gnoll closely misses you.
You block the gnoll's attack.
Unknown command.
Throw: javelin
Press: ? - help, Q - select action, (/) - cycle Shift-Dir - straight line, f/p - orc priest
Aim: an orc priest, wielding a +0 hand axe (heavily wounded, 57% to hit)
You throw a javelin. The javelin pierces through the gnoll.
The gnoll is almost dead.
The javelin closely misses the gnoll.
The javelin closely misses the orc priest.
The gnoll hits you from afar with a +0 spear.
You block the gnoll's attack. The gnoll hits you but does no damage.
The gnoll hits you from afar with a +0 spear.
The gnoll barely misses you. x2
The gnoll attacks as you move away! The gnoll completely misses you.
Unknown command.
You barely miss the gnoll.
The gnoll is almost dead.
You block the gnoll's attack.
Unknown command.
You sock the gnoll!
You kill the gnoll!
The gnoll hits you but does no damage. The gnoll attacks as you move away!
The gnoll hits you with a +0 club!
* * * LOW HITPOINT WARNING * * *
Okay, then.
Okay, then.
As you slowly read the scroll of teleportation, it crumbles to dust.
You feel strangely unstable. The gnoll hits you with a +0 club.
* * * LOW HITPOINT WARNING * * *
The gnoll hits you from afar with a +0 spear.
* * * LOW HITPOINT WARNING * * *
The orc priest calls down the wrath of Beogh upon you.
Beogh smites you!
You die...
Your body crumbles into a pile of gold.

#.......g..
#.##..##.#...
#... #...og#
....P. ######
#####.# ....
#..... #$####
...# #.####
#.$..### ...
#.# ####.o.#
#.# #.#
###g###.# #.#
#.g@..# #(#
####..# #.#
##.### #.#
#...### #.####
#.#...# #.....
#.###.###
######
#..##...#
##...##.#
###.##.########


You could see an orc priest and 2 gnolls.

Vanquished Creatures
  2 water moccasins
  An ice beast (D:5)
  3 black bears
  A centaur (D:5)
  A phantom (D:5)
  3 scorpions
  2 jellies (D:4)
  2 hounds
  A gnoll bouda (D:6)
  Ijyb (D:5)
  Terence (D:2)
  2 iguanas (D:5)
  Natasha (twice) (D:2)
  An orc wizard (D:6)
  13 adders
  2 gnolls (D:6)
  A white imp (D:5)
  A worm (D:5)
  4 dart slugs
  8 orcs
  10 ball pythons
  8 endoplasms
  3 giant cockroaches
  8 goblins
  11 hobgoblins
  10 quokkas
  4 bats (D:1)
  11 frilled lizards
  8 kobolds
  A rat (D:3)
126 creatures vanquished.

Vanquished Creatures (others)
  An orc wizard (D:6)
1 creature vanquished.

Grand Total: 127 creatures vanquished

Notes
Turn   | Place    | Note
-------+----------+-------------------------------------------
     0 | D:1      | olmar the Armataur Fighter began the quest for the Orb.
     0 | D:1      | Reached XP level 1. HP: 19/19 MP: 1/1
   219 | D:1      | Reached XP level 2. HP: 23/26 MP: 2/2
   269 | D:1      | Reached skill level 4 in Armour
   505 | D:1      | Reached XP level 3. HP: 33/33 MP: 3/3
   636 | D:1      | Found Umehohe's Weapon Boutique.
  1425 | D:2      | Found a faded altar of an unknown god.
  1543 | D:2      | Noticed Natasha
  1551 | D:2      | Killed Natasha
  1552 | D:2      | Reached XP level 4. HP: 34/40 MP: 4/4
  1813 | D:2      | Noticed Terence
  1830 | D:2      | Killed Terence
  2023 | D:2      | Noticed Natasha
  2039 | D:2      | Killed Natasha
  2040 | D:2      | Reached skill level 5 in Armour
  2040 | D:2      | Reached XP level 5. HP: 10/48 MP: 5/5
  2211 | D:2      | You fall into a shaft and drop 2 floors!
  2221 | D:4      | Reached skill level 1 in Dodging
  2310 | D:4      | Reached XP level 6. HP: 40/54 MP: 6/6
  3343 | D:4      | Reached skill level 6 in Armour
  3440 | D:4      | Reached XP level 7. HP: 38/60 MP: 7/7
  3955 | D:5      | Entered Level 5 of the Dungeon
  4131 | D:5      | Reached skill level 5 in Maces & Flails
  4684 | D:5      | Noticed Ijyb
  4693 | D:5      | Killed Ijyb
  4694 | D:5      | Reached skill level 7 in Armour
  4694 | D:5      | Reached XP level 8. HP: 54/71 MP: 8/8
  5163 | D:5      | Found a staircase to the Ecumenical Temple.
  5297 | Temple   | Entered the Ecumenical Temple
  5339 | Temple   | Became a worshipper of Gozag Ym Sagoz the Greedy
  5683 | D:6      | Identified the +4 scale mail of Fun {Slay+4 Stlth+}
  5730 | D:6      | Killed from afar by an orc priest

Illustrated notes

Levels and vault maps discovered:
D:1:      nagdon_arrival_zigzag_paths, layout_basic, serial_shops, shop,
          serial_bayou_pond_b
D:2:      layout_basic, ebering_ecumenical_altar_rust, nrook_mini_backslash,
          glass_columns_a, uniq_natasha, uniq_terence
D:3:      layout_rooms
D:4:      black_bear_nest_1, layout_rooms, minmay_ruptured
D:5:      layout_cave_pools, minmay_temple_entry_nine_rooms, minmay_lizard_king,
          uniq_ijyb
D:6:      layout_basic, kiku_gazebo_garden_becter,
          nicolae_overflow_hidden_temple, mainiacjoe_overflow_large_starburst,
          serial_shops, shop
Temple:   compressed_dpeg_circular_temple

Skill      XL: |  1  2  3  4  5  6  7  8 |
---------------+-------------------------+-----
Armour         | 4 5 6 7 |  7.8
Maces & Flails | 2 3 4 5 6 |  6.0
Fighting       | 3 4 |  4.8
Shields        | 4 |  4.8
Dodging        | 1 |  1.9
Stealth        | |  0.5
Evocations     | |  0.3

Action                     |  1- 3 |  4- 6 |  7- 9 || total
---------------------------+-------+-------+-------++-------
  Melee: Flail             |   162 |   161 |   197 ||   520
         Tailslap          |    17 |    17 |    22 ||    56
  Throw: Javelin           |       |       |     7 ||     7
  Evoke: Wand              |       |       |     2 ||     2
    Use: Potion            |     1 |     1 |     4 ||     6
         Scroll            |     1 |     2 |     1 ||     4
 Armour: Scale mail        |   103 |   104 |    99 ||   306
         Skin              |       |    13 |    17 ||    30
  Dodge: Dodged            |    63 |    53 |   100 ||   216
  Block: Buckler           |    43 |    34 |    43 ||   120
